AoeStats
← Morphman

Oasis

507611312Analyzed
2v2 RM · 12d ago on Sep 19, 2026· 34m 20s· 4 players
Game mode
Random Map
Map size
Medium (4 player)
Population
200
Speed
Normal
Resources
Standard
Victory
Conquest
Starting age
Dark Age
Ending age
Imperial Age
RankedLock teamsTeams togetherTeam positionsShared explorationLock speedFull tech treeHidden civsTurbo modeCheats
Victory
Defeat
🇨🇴 Italians · Colombia
982
+18
🇨🇴 Wei · Colombia
979
+18
🇯🇵 Magyars · Japan
1047
-18
🇩🇪 Bulgarians · Germany
1015
-18
Don Rafa
6:33 Loom
9:04 Feudal Age
10:20 Double-Bit Axe
12:17 Man-at-Arms
13:20 Arson
14:27 Fletching
20:51 Castle Age
19:55 Horse Collar
20:44 Gold Mining
21:29 Padded Archer Armor
21:30 Scale Mail Armor
20:58 Crossbowman
21:34 Long Swordsman
23:35 Forging
23:26 Bodkin Arrow
24:42 Wheelbarrow
24:45 Ballistics
26:20 Hand Cart
28:32 Leather Archer Armor
28:32 Chain Mail Armor
29:04 Town Watch
32:34 Imperial Age
30:00 Pikeman
31:03 Thumb Ring
32:18 Squires
34:00 Arbalester
Squirrel Slayer
11:32 Feudal Age
12:42 Horse Collar
12:49 Double-Bit Axe
18:31 Gold Mining
25:33 Castle Age
25:52 Forging
25:50 Scale Barding Armor
29:14 Husbandry
irish09
7:47 Loom
9:54 Feudal Age
10:56 Double-Bit Axe
23:32 Castle Age
22:22 Bloodlines
23:13 Scale Barding Armor
24:41 Fletching
Morphman
11:34 Feudal Age
9:56 Loom
14:16 Forging
14:13 Scale Barding Armor
19:57 Double-Bit Axe
21:19 Scale Mail Armor
26:12 Castle Age
25:15 Bloodlines
24:52 Horse Collar
26:13 Light Cavalry
27:26 Pikeman
30:52 Fletching
32:20 Murder Holes
32:33 Bodkin Arrow
Connection lost

Rejoining the realm…

Still unreachable

The connection could not be restored.

Session expired

The server has moved on; the page needs a fresh start.